 Dungeon Crawl Stone Soup version 0.26-a0-958-gf3041fb45f (webtiles) character file.

Game seed: 9988426214967359100

10393 DerHolg the Slinger (level 11, -1/67 HPs)
             Began as a Halfling Hunter on Nov 28, 2020.
             Was a Priest of Hepliaklqana.
             Engulfed by an ice statue's freezing vapour (5 damage)
             ... in a Gauntlet on Dec 1, 2020.
             The game lasted 02:10:50 (14711 turns).

DerHolg the Slinger (Halfling Hunter)              Turns: 14711, Time: 02:10:50

Health: -1/67      AC: 13    Str: 13    XL:     11   Next: 92%
Magic:  11/11      EV: 17    Int:  9    God:    Hepliaklqana [***...]
Gold:   564        SH:  7    Dex: 19    Spells: 10/10 levels left

rFire    . . .     SeeInvis .   b - +4 short sword
rCold    . . .     Faith    .   Q - +0 buckler {rPois}
rNeg     . . .     Spirit   .   N - +0 scale mail
rPois    +         Reflect  .   n - +0 helmet
rElec    .         Harm     .   o - +0 cloak
rCorr    +         Rampage  .   E - +1 pair of gloves {archery}
MR       .....     NoTele   +   c - +0 pair of boots
Stlth    +++.......             B - amulet of the acrobat
HPRegen  0.21/turn              q - ring of resist corrosion
MPRegen  0.12/turn              (no ring)

@: no status effects
A: small, reduced essence, mutation resistance 1
a: Recall Ancestor, Ancestor Identity, Transference, Renounce Religion


You were in a Gauntlet.
You worshipped Hepliaklqana.
Hepliaklqana was most pleased with you.
You visited 2 branches of the dungeon, and saw 12 of its levels.
You also visited: Ossuary and Gauntlet.

You collected 708 gold pieces.
You spent 144 gold pieces at shops.

Inventory:

Hand Weapons
 a - a +1 hunting sling
 b - a +4 short sword (weapon)
 J - a +1 short sword of speed
Missiles
 d - 67 sling bullets
 m - 267 stones (quivered)
Armour
 c - a +0 pair of boots (worn)
 n - a +0 helmet (worn)
 o - a +0 cloak (worn)
 E - a +1 pair of gloves of archery (worn)
 N - a +0 scale mail (worn)
 Q - a +0 buckler of poison resistance (worn)
Jewellery
 q - a ring of resist corrosion (left hand)
 B - an amulet of the acrobat (around neck)
 P - an uncursed amulet of regeneration
Wands
 t - a wand of polymorph (16)
 w - a wand of digging (6)
 A - a wand of disintegration (18)
 D - a wand of paralysis (3)
 G - a wand of flame (23)
 K - a wand of acid (6)
 O - a wand of random effects (14)
 R - a wand of iceblast (8)
Scrolls
 e - 9 scrolls of remove curse
 f - 6 scrolls of teleportation
 j - a scroll of immolation
 r - 3 scrolls of magic mapping
 v - 11 scrolls of identify
 y - a scroll of enchant armour
 z - a scroll of enchant weapon {unknown}
 F - a scroll of amnesia
 H - a scroll of random uselessness {unknown}
 I - 2 scrolls of fog {unknown}
 M - a scroll of blinking {unknown}
Potions
 g - 5 potions of lignification {unknown}
 i - a potion of invisibility
 k - 4 potions of heal wounds {unknown}
 l - a potion of haste
 p - 3 potions of flight {unknown}
 s - 7 potions of curing
 u - 2 potions of berserk rage {unknown}
 x - 2 potions of might {unknown}
 C - 2 potions of degeneration {unknown}
 L - 2 potions of mutation
 S - a potion of brilliance {unknown}
 T - a potion of magic {unknown}


   Skills:
 * Level 7.3 Fighting
 + Level 8.9 Short Blades
 - Level 12.0 Slings
 + Level 5.1 Armour
 + Level 8.7 Dodging
 + Level 7.7 Stealth
 - Level 5.6 Shields
 + Level 0.7 Invocations


You had 10 spell levels left.
You didn't know any spells.
Your spell library contained the following spells:

 Spells                   Type           Power        Failure   Level
 Corona                   Hex            #......      86%         1
 Freeze                   Ice            #...         86%         1
 Sandblast                Erth           #.....       86%         1
 Passwall                 Tmut/Erth      #.......     94%         2
 Confusing Touch          Hex            #.......     99%         3
 Dazzling Flash           Conj/Hex       #.....       99%         3
 Frozen Ramparts          Ice            #.....       99%         3
 Inner Flame              Hex/Fire       #.......     99%         3
 Ozocubu's Armour         Ice            #.......     99%         3
 Stone Arrow              Conj/Erth      #.....       99%         3
 Hailstorm                Conj/Ice       #.......     100%        4
 Petrify                  Tmut/Erth      #.......     100%        4
 Summon Ice Beast         Ice/Summ       #.......     100%        4
 Lee's Rapid Deconstruct  Erth           #.........   100%        5
 Summon Mana Viper        Hex/Summ       #.......     100%        5


Dungeon Overview and Level Annotations

Branches:
Dungeon (11/15)            Temple (1/1) D:4            Lair (0/6) D:11
    Orc (0/2) D:11        Ossuary (visited)         Gauntlet (1/1)

Altars:
Ashenzari
Cheibriados
Dithmenos
Elyvilon
Fedhas
Gozag
Hepliaklqana
Kikubaaqudgha
Makhleb
Nemelex Xobeh
Okawaru
Qazlal
Ru
Sif Muna
Trog
Uskayaw
Vehumet
Wu Jian
Xom
Yredelemnul
Zin
The Shining One

Shops:
D:9 [=(*   D:10 (

Portals:
Abyss: D:1***

Annotations:
Gauntlet 11 transporters, exclusion: ice statue


Innate Abilities, Weirdness & Mutations

You are small and have problems with some larger weapons.
You are somewhat resistant to further mutation.
Your life essence is reduced to manifest your ancestor. (-10% HP)


Message History

A freezing blast appears from out of your range of vision.
Necuametl closely misses the ice beast.
You barely miss the ice beast.
You are engulfed in freezing vapours.
The ice beast hits you but does no damage.
Necuametl blocks the ice beast's attack.
The shadow imp shouts, "Fly, thou cockered earth-vexing frater!"
You hit the ice beast but do no damage.
You are engulfed in freezing vapours.
* * * LOW HITPOINT WARNING * * *
The ice beast hits Necuametl but does no damage.
The ice beast hits you but does no damage.
Necuametl is engulfed in freezing vapours.
Necuametl hits the ice beast with a +0 flail!
You hit the ice beast.
The ice beast is lightly wounded.
You are engulfed in freezing vapours.
* * * LOW HITPOINT WARNING * * *
You closely miss the ice beast.
The ice beast is lightly wounded.
You are engulfed in freezing vapours.
You die...

.#.###...#.#.≈≈≈≈≈P..#########...
©#...©..©#©#.#≈#≈#.♣............∩
.#.###...#.#.≈≈≈≈≈...#########...
.#.#.###.#.#.#≈#≈#P..#.......#...
.#.#.....#.#.P..P....#.##...$#...
.#########.#..P♣...###.##...$#...
.........#.#.......#©#..©###©#..P
#..♣.P.♣.#.#########.#5..###"#.♣.
#≈...P.P.#.#...#@R○#.#2#.###5#...
#≈≈..♣.P.#.#.#.#Y#Y#.#......2#...
####..P..#.#.#.#.#☼#.#########...
#≈..♣.#©#.##©##°#©#.........♣.
#≈≈...###.#°#.#°#.#########.P.
####....#.#.#.#°#.#ZZ8#8..#...
#≈...#...#..8#.#Z..8..[#.P.
#≈≈..#########.#8.8.8.$#.♣.
####.........#©##8.©.8©#.P.


You could see the friendly Necuametl the knight, a reaper, 2 ice beasts, a
shadow imp, a harpy simulacrum and a wolf spider simulacrum (wandering).

Vanquished Creatures
  A two-headed ogre (D:11)
  Pikel (D:5)
  2 cyclopes (D:10)
  Joseph (D:7)
  A rime drake (Gauntlet)
  A polar bear (D:10)
  A hornet (D:9)
  A centaur simulacrum (Gauntlet)
  A wraith (D:10)
  A wyvern (D:8)
  A yak (D:10)
  A basilisk (D:9)
  6 ice beasts
  A sky beast (D:9)
  A phantom (D:4)
  2 ogres
  3 centaurs
  3 lemures
  An elf zombie (Ossuary)
  A big kobold (D:7)
  4 bullfrogs
  Dowan (D:6)
  A scorpion (D:8)
  5 killer bees
  An electric eel (D:10)
  2 howler monkeys (D:9)
  A quasit (D:6)
  Crazy Yiuf (D:6)
  A hound (D:7)
  A human zombie (Ossuary)
  2 orc priests (D:5)
  2 bullfrog skeletons
  6 orc wizards
  A gnoll shaman (D:8)
  An iguana (D:6)
  Terence (D:1)
  3 worker ants
  A big kobold zombie (Ossuary)
  2 mummies (Ossuary)
  A howler monkey skeleton (D:9)
  8 adders
  An ancestor (D:6)
  3 gnolls (D:9)
  2 white imps
  2 ufetubi
  An ooze (D:1)
  A worm zombie (D:4)
  4 adder zombies
  4 worms
  4 dart slugs
  A leopard gecko (D:2)
  19 orcs
  6 bats
  3 giant cockroaches
  10 goblins
  7 hobgoblins
  10 jackals
  9 quokkas
  4 ball pythons
  6 frilled lizards
  A giant cockroach zombie (D:5)
  2 gnoll zombies (D:7)
  2 goblin zombies (Ossuary)
  13 hobgoblin zombies (Ossuary)
  A jackal skeleton (D:7)
  2 jackal zombies (Ossuary)
  9 kobolds
  8 kobold zombies (Ossuary)
  A leopard gecko zombie (D:5)
  5 orc zombies (Ossuary)
  2 quokka skeletons
  5 rats
  3 rat zombies
228 creatures vanquished.

Vanquished Creatures (collateral kills)
  An unseen horror (D:11)
  Maurice (D:8)
  Prince Ribbit (D:8)
  A centaur simulacrum (Gauntlet)
  A shadow (D:10)
  6 yaks (D:10)
  Duvessa (D:6)
  A sky beast (D:5)
  2 ice beasts (D:10)
  A black bear (D:8)
  An eye of draining (D:11)
  An orc warrior (D:9)
  2 ogres
  3 centaurs (D:10)
  3 bullfrogs
  A gnoll sergeant (D:9)
  A hornet simulacrum (Gauntlet)
  4 killer bees
  A bullfrog zombie (D:7)
  A centaur zombie (D:11)
  A bullfrog skeleton (D:7)
  2 hounds
  An orc priest (D:10)
  A centaur skeleton (D:9)
  2 bullfrog simulacra
  A worker ant zombie (D:5)
  6 gnolls
  3 adders
  An ufetubus (D:10)
  A leopard gecko (D:9)
  5 orcs
  A giant cockroach (D:6)
  A jackal (D:6)
  A quokka (D:9)
  A frilled lizard (D:5)
  2 quokka zombies
64 creatures vanquished.

Vanquished Creatures (others)
  3 knights
  2 ancestors
  2 fungi (D:4)
  8 plants
15 creatures vanquished.

Grand Total: 307 creatures vanquished

Notes
Turn   | Place    | Note
-------+----------+-------------------------------------------
     0 | D:1      | DerHolg the Halfling Hunter began the quest for the Orb.
     0 | D:1      | Reached XP level 1. HP: 14/14 MP: 1/1
   251 | D:1      | Reached XP level 2. HP: 15/19 MP: 2/2
   360 | D:1      | Reached skill level 6 in Slings
  1119 | D:1      | Reached skill level 1 in Armour
  1119 | D:1      | Reached XP level 3. HP: 24/24 MP: 3/3
  1574 | D:2      | Reached XP level 4. HP: 29/29 MP: 4/4
  1619 | D:2      | Noticed Terence
  1676 | D:1      | Killed Terence
  2293 | D:3      | Reached XP level 5. HP: 35/35 MP: 5/5
  2514 | D:3      | Reached skill level 1 in Short Blades
  2702 | D:3      | Found a hide-covered altar of Uskayaw.
  2803 | D:3      | Found a faded altar of an unknown god.
  3217 | D:4      | Found a stormy altar of Qazlal.
  3226 | D:4      | Found a sand-covered staircase.
  3227 | D:4      | Found a blossoming altar of Fedhas.
  3286 | Ossuary  | Entered an ossuary
  3513 | Ossuary  | Reached XP level 6. HP: 30/41 MP: 6/6
  3710 | Ossuary  | Reached skill level 7 in Slings
  4391 | D:4      | Found a staircase to the Ecumenical Temple.
  4546 | Temple   | Entered the Ecumenical Temple
  4597 | Temple   | Became a worshipper of Hepliaklqana the Forgotten
  4707 | D:5      | Entered Level 5 of the Dungeon
  4718 | D:5      | Reached XP level 7. HP: 41/41 MP: 7/7
  5678 | D:5      | Reached XP level 8. HP: 40/46 MP: 8/8
  6301 | D:6      | Noticed Duvessa
  6301 | D:6      | Noticed Dowan
  6310 | D:6      | Killed Dowan
  6329 | D:6      | Killed Duvessa
  6330 | D:6      | Reached skill level 8 in Slings
  6805 | D:6      | Reached * piety under Hepliaklqana
  7146 | D:6      | Found a runed translucent door.
  7146 | D:6      | Noticed Crazy Yiuf
  7161 | D:6      | Killed Crazy Yiuf
  7283 | D:6      | Reached skill level 5 in Stealth
  7361 | D:6      | Noticed Pikel
  7830 | D:4      | Reached skill level 5 in Dodging
  7830 | D:4      | Reached XP level 9. HP: 47/52 MP: 9/9
  8308 | D:5      | Killed Pikel
  8309 | D:5      | Reached skill level 5 in Short Blades
  8309 | D:5      | Reached skill level 9 in Slings
  8723 | D:6      | Reached skill level 5 in Armour
  8846 | D:7      | Noticed Joseph
  8847 | D:7      | Upgraded the game from 0.26-a0-946-g9485abf61d to
                  | 0.26-a0-958-gf3041fb45f
  9291 | D:7      | Killed Joseph
  9516 | D:7      | Reached skill level 5 in Fighting
  9739 | D:7      | Found a basalt altar of Yredelemnul.
  9812 | D:7      | Found a sparkling altar of Nemelex Xobeh.
  9956 | D:8      | Reached XP level 10. HP: 59/59 MP: 10/10
 10020 | D:8      | Reached ** piety under Hepliaklqana
 10021 | D:8      | Remembered your ancestor Necuametl as a knight
 10043 | D:8      | Noticed Prince Ribbit
 10096 | D:8      | Found a stormy altar of Qazlal.
 10101 | D:8      | Killed Prince Ribbit
 10129 | D:8      | Reached skill level 10 in Slings
 10167 | D:8      | Killed Maurice
 10488 | D:8      | Found an iron altar of Okawaru.
 10527 | D:8      | Identified the Almanac of the Oath
 10794 | D:8      | Found a shimmering blue altar of Sif Muna.
 11030 | D:9      | Found Konich's Antique Weapon Boutique.
 11147 | D:9      | Found an ornate altar of the Wu Jian Council.
 11150 | D:9      | Found Enluo's General Store.
 11301 | D:9      | Found a snail-covered altar of Cheibriados.
 11335 | D:9      | Found Toaca's Armour Boutique.
 11352 | D:9      | Bought a +0 buckler of poison resistance for 144 gold
                  | pieces
 11525 | D:9      | Reached skill level 1 in Shields
 11574 | D:9      | Found Hoanal's Jewellery Shoppe.
 11719 | D:9      | Reached *** piety under Hepliaklqana
 11841 | D:10     | Entered Level 10 of the Dungeon
 11941 | D:10     | Reached skill level 11 in Slings
 11941 | D:10     | Reached XP level 11. HP: 59/65 MP: 11/11
 12348 | D:10     | Noticed a cyclops
 12358 | D:10     | Killed a cyclops
 12507 | D:10     | Noticed a cyclops
 12522 | D:10     | Found Ysurph's Weapon Boutique.
 12536 | D:10     | Killed a cyclops
 13290 | D:10     | Reached skill level 5 in Shields
 13683 | D:11     | Noticed a two-headed ogre
 13728 | D:11     | Killed an unseen horror
 13744 | D:11     | Noticed a two-headed ogre
 13766 | D:11     | Killed a two-headed ogre
 13799 | D:11     | Found a gate leading to a gauntlet.
 13836 | D:11     | Reached skill level 12 in Slings
 13836 | D:11     | Noticed a manticore
 13839 | Gauntlet | Entered a Gauntlet
 13839 | Gauntlet | Found a transporter.
 13916 | Gauntlet | Found a transporter.
 13918 | Gauntlet | Found a transporter.
 13929 | Gauntlet | Found a transporter.
 13932 | Gauntlet | Found a transporter.
 13935 | Gauntlet | Noticed a cacodemon
 13943 | Gauntlet | Found a transporter.
 13954 | Gauntlet | Found a transporter.
 13961 | Gauntlet | Noticed a reaper
 13964 | Gauntlet | Found a transporter.
 13974 | Gauntlet | Found a transporter.
 13988 | Gauntlet | Found a transporter.
 13988 | Gauntlet | Found a transporter.
 14005 | Gauntlet | Found a transporter.
 14011 | Gauntlet | Found a transporter.
 14012 | Gauntlet | Found a transporter.
 14711 | Gauntlet | Engulfed by an ice statue's freezing vapour

Illustrated notes

Levels and vault maps discovered:
D:1:      minmay_arrival_glassed_features, layout_basic
D:2:      layout_rooms, minivault_5, mrwooster_statue_mirror, uniq_terence
D:3:      layout_basic, overflow_temple_1_default,
          chequers_ecumenical_altar_island, chequers_garden
D:4:      layout_gridville, grunt_temple_overflow_forces_of_nature,
          minmay_temple_entry_junction, enter_ossuary_3
D:5:      layout_basic, minmay_chambers_of_fives
D:6:      layout_cave_pods, serial_bayou_crossing, uniq_duvessa,
          uniq_crazy_yiuf_cottage, uniq_pikel
D:7:      layout_rooms, lemuel_zombie_altar_yredelemnul, lemuel_doored_altar,
          uniq_joseph
D:8:      layout_rooms, tgw_sif, basic_altar, okawaru_gym_becter,
          uniq_prince_ribbit1, uniq_maurice
D:9:      layout_long_grid, kennysheep_mini, kennysheep_mini_moat, serial_shops,
          shop_fountains, nicolae_shop_stone, shop,
          nicolae_shop_overgrown_old_shop
D:10:     layout_irregular_city, serial_shops, nicolae_shop_stone, serial_ice,
          serial_ice_d, serial_ice_k, serial_ice_o, serial_ice_a
D:11:     cheibrodos_fzero, layout_basic, dpeg_oklobed_lair, zombieorc2_lemuel,
          gauntlet_entry_generic, nicolae_trove_entry_free_sample, minivault_1
Temple:   jpeg_temple_clearing
Gauntlet: minmay_gauntlet_77_tree [minmay_gauntlet_arena_77_mirror,
          minmay_gauntlet_arena_77_two_paths, minmay_gauntlet_arena_77_box,
          minmay_gauntlet_arena_77_terracotta_army,
          minmay_gauntlet_arena_77_block_sizes,
          minmay_gauntlet_arena_77_tiled_triplets,
          minmay_gauntlet_arena_77_p_blocks, gauntlet_exit_green]

Skill      XL: |  1  2  3  4  5  6  7  8  9 10 11 |
---------------+----------------------------------+-----
Slings         | 6 7 8 9 11 12 | 12.0
Fighting       | 2 3 4 5 6 7 |  7.3
Armour         | 1 2 3 4 5 |  5.1
Stealth        | 2 3 4 5 6 7 |  7.7
Dodging        | 3 4 5 6 7 8 |  8.7
Short Blades   | 1 2 3 4 6 7 8 |  8.9
Shields        | 2 5 |  5.6
Invocations    | |  0.7

Action                   |  1- 3 |  4- 6 |  7- 9 | 10-12 || total
-------------------------+-------+-------+-------+-------++-------
Melee: Short sword       |    77 |   135 |   147 |   163 ||   522
       Hunting sling     |       |       |     1 |       ||     1
 Fire: Hunting sling     |    38 |   220 |   239 |   352 ||   849
Throw: Stone             |    18 |       |     1 |    50 ||    69
Invok: Ancestor Identity |       |     1 |       |       ||     1
       Ancestor Life: Kn |       |       |       |     1 ||     1
Evoke: Wand              |       |       |     5 |       ||     5
  Use: Scroll            |       |     5 |     4 |     3 ||    12
 Stab: Sleeping          |       |     1 |       |       ||     1
       Distracted        |       |       |     1 |     1 ||     2
Armor: Leather armour    |     8 |       |       |       ||     8
       Ring mail         |     9 |    41 |    66 |     2 ||   118
       Scale mail        |       |       |       |    70 ||    70
Dodge: Dodged            |    55 |    90 |   207 |   165 ||   517
Block: Buckler           |       |       |       |    64 ||    64

Table legend: (Time is in decaauts)
 A = Elapsed time spent in this place.
 B = Non-inter-level travel time spent in this place.
 C = Inter-level travel time spent in this place.
 D = Time resting spent in this place.
 E = Time spent auto-exploring this place.
 F = Levels seen in this place.
 G = Mean time per level.
                   A        B        C        D        E       F      G
               +--------+--------+--------+--------+--------+-----+--------+
         Total |  14400 |  14143 |    257 |   3446 |   7436 |  14 | 1028.6 |
       Dungeon |  12590 |  12333 |    257 |   2830 |   6835 |  11 | 1144.5 |
        Temple |     87 |     87 |      0 |      0 |     62 |   1 |   87.0 |
       Ossuary |    896 |    896 |      0 |    357 |    272 |   1 |  896.0 |
      Gauntlet |    825 |    825 |      0 |    259 |    267 |   1 |  825.0 |
               +--------+--------+--------+--------+--------+-----+--------+

Top non-repeatable levels by time:
     D:6: 2287 daAuts
     D:5: 1836 daAuts
    D:10: 1755 daAuts
     D:1: 1418 daAuts
     D:3: 1062 daAuts
     D:9: 940 daAuts
     D:8: 908 daAuts
 Ossuary: 896 daAuts
     D:2: 832 daAuts
Gauntlet: 825 daAuts
     D:4: 738 daAuts
     D:7: 660 daAuts
    D:11: 150 daAuts
  Temple: 87 daAuts
